[Event "Titled Tuesday Blitz April 18 Late 2023"]
[White "mjelcic"]
[Black "Alexikov, Alexander"]
[BlackFideId "14103958"]
[WhiteElo "2194"]
[BlackElo "2186"]
[Result "1-0"]
[Round "10"]
[TimeControl "180+2"]
[Date "2023.04.18"]
[WhiteClock "0:00:03"]
[BlackClock "0:00:01"]

1. c4 Nf6 2. Nc3 g6 3. g3 Bg7 4. Bg2 d6 5. e4 O-O 6. Nge2 c6 7. O-O Nbd7 8. d4 a6 9. a4 a5 10. f4 Qc7 11. e5 Ne8 12. Be3 e6 13. Qd2 d5 14. cxd5 exd5 15. Rac1 Qd8 16. f5 gxf5 17. Bh3 Nb6 18. b3 f6 19. Bxf5 fxe5 20. Bxc8 Nxc8 21. Rxf8+ Kxf8 22. dxe5 Bxe5 23. Rf1+ Kg8 24. Bg5 Qd6 25. Nd4 Ng7 26. Qf2 h6 27. Be3 Ne7 28. Qf7+ Kh7 29. Nce2 c5 30. Nb5 Qe6 31. Qxe6 Nxe6 32. Rf7+ Kg6 33. Rxe7 Kf6 34. Rxb7 d4 35. Bf2 d3 36. Nec3 Rd8 37. Ne4+ Kf5 38. Nd2 Nd4 39. Rf7+ Kg6 40. Re7 Bf6 41. Re4 Ne2+ 42. Kf1 Bg5 43. Nf3 Nc1 44. Be3 Nxb3 45. Bxg5 hxg5 46. Nc3 d2 47. Nd1 1-0


[Site "https://www.chess.com"]

[Event "Titled Tuesday Blitz April 18 Late 2023"]
[White "crosky"]
[Black "Atanasov, Radislav"]
[BlackFideId "2901471"]
[WhiteElo "2368"]
[BlackElo "2077"]
[Result "0-1"]
[Round "10"]
[TimeControl "180+2"]
[Date "2023.04.18"]
[WhiteClock "0:00:08"]
[BlackClock "0:00:04"]

1. c4 Nf6 2. Nc3 e6 3. d4 c5 4. d5 exd5 5. cxd5 d6 6. e4 g6 7. Bb5+ Bd7 8. a4 a6 9. Bd3 Bg7 10. Nf3 Bg4 11. O-O Nbd7 12. Bf4 Qe7 13. h3 Bxf3 14. Qxf3 O-O 15. Qg3 Ne8 16. Rae1 Rc8 17. Nd1 c4 18. Bb1 b5 19. axb5 axb5 20. Bd2 Nc5 21. f4 Nb3 22. Bc3 Bxc3 23. bxc3 Nd2 24. Ne3 Nxf1 25. Rxf1 Nf6 26. e5 dxe5 27. fxe5 Nh5 28. Qh2 Rfe8 29. g4 Qxe5 30. Qxe5 Rxe5 31. Kf2 Nf4 32. Rd1 Nxh3+ 33. Kf3 Ng5+ 34. Kf4 f6 35. d6 Rd8 36. Nd5 Ne6+ 37. Kf3 Kf7 38. Nb4 Ng5+ 39. Kf4 Rc5 40. Na6 Ne6+ 41. Kf3 Rc6 42. Nb4 Rcxd6 43. Re1 Rd1 44. Rxd1 Rxd1 45. Bc2 Rf1+ 46. Ke2 Rf4 47. Nd5 Rxg4 48. Ne3 Rh4 49. Kf3 Ng5+ 50. Kg3 Rh3+ 51. Kf2 Rf3+ 52. Ke2 h5 53. Nd5 Rf4 54. Nc7 Rf5 55. Bxf5 gxf5 56. Nxb5 h4 57. Nd6+ Ke6 58. Nxc4 h3 59. Kf2 Ne4+ 60. Kg1 Nxc3 61. Kh2 f4 62. Kxh3 Kf5 63. Nd2 Ne4 64. Nf3 Ng5+ 65. Kg2 Nxf3 66. Kxf3 Ke5 67. Kf2 Ke4 68. Ke2 f3+ 69. Kf2 Kf4 70. Kf1 Ke3 71. Ke1 f5 72. Kf1 f2 0-1


[Site "https://www.chess.com"]

[Event "Titled Tuesday Blitz April 18 Late 2023"]
[White "KorolDimitriy75"]
[Black "Torres Dominguez, David"]
[BlackFideId "2220857"]
[WhiteElo "2363"]
[BlackElo "1999"]
[Result "1-0"]
[Round "10"]
[TimeControl "180+2"]
[Date "2023.04.18"]
[WhiteClock "0:00:14"]
[BlackClock "0:00:02"]

1. d4 e5 2. dxe5 d6 3. Bf4 Nc6 4. Nf3 Bg4 5. exd6 Qf6 6. g3 Bxd6 7. Bxd6 O-O-O 8. Nbd2 Rxd6 9. Bg2 Nh6 10. O-O Rhd8 11. Qc1 Qe6 12. e3 f6 13. Nb3 Bh3 14. Nbd4 Nxd4 15. Nxd4 Qd7 16. c4 Bxg2 17. Kxg2 Nf5 18. c5 Nh4+ 19. gxh4 Qg4+ 20. Kh1 Rxd4 21. f3 Qxh4 22. exd4 Rxd4 23. Qe3 a6 24. Rad1 Rxd1 25. Rxd1 Kb8 26. c6 bxc6 27. Qe4 Qf2 28. Qxc6 Qxf3+ 29. Qxf3 1-0


[Site "https://www.chess.com"]

[Event "Titled Tuesday Blitz April 18 Late 2023"]
[White "Allam, Yara"]
[Black "Prieto Aranguren, Alain"]
[WhiteFideId "10615709"]
[BlackFideId "2268906"]
[WhiteElo "1758"]
[BlackElo "2209"]
[Result "0-1"]
[Round "10"]
[TimeControl "180+2"]
[Date "2023.04.18"]
[WhiteClock "0:00:02"]
[BlackClock "0:00:16"]

1. e4 c6 2. d4 d5 3. Nc3 dxe4 4. Nxe4 Nf6 5. Nxf6+ exf6 6. c3 Bd6 7. Bd3 O-O 8. Qh5 g6 9. Qh4 Nd7 10. Ne2 Re8 11. O-O Nf8 12. f4 f5 13. Qf2 Ne6 14. Bd2 c5 15. Rfe1 cxd4 16. cxd4 b6 17. Bb5 Re7 18. Bc6 Rb8 19. Bf3 Rd7 20. g3 Nxd4 21. Nxd4 Bc5 22. Be3 Bxd4 23. Bxd4 Rxd4 24. Rad1 Rxd1 25. Rxd1 Qf8 26. Kg2 Be6 27. b3 Rd8 28. Qc2 Rxd1 29. Qxd1 Qb4 30. Qc2 a5 31. Qe2 h5 32. Qd1 h4 33. Qd8+ Kg7 34. Qd1 a4 35. bxa4 Qb2+ 36. Kh1 Bxa2 37. Qg1 h3 38. Qf1 Qc3 39. Bb7 Qc7 40. Qa1+ Kh7 41. Qxa2 Qxb7+ 42. Kg1 Kh6 43. Qb2 Qc8 44. Qd2 Qc4 45. Qb2 Kh7 46. Qf2 Qxa4 47. Qf1 Qd4+ 48. Kh1 Qe4+ 49. Kg1 Qe3+ 50. Kh1 Kg7 51. Qxh3 b5 52. Qf1 b4 53. Qb1 Qc3 54. Kg1 b3 55. Kg2 b2 0-1


[Site "https://www.chess.com"]

[Event "Titled Tuesday Blitz April 18 Late 2023"]
[White "Winkels, Marcel"]
[Black "TheKnightOfBosnia"]
[WhiteFideId "1003887"]
[WhiteElo "1900"]
[BlackElo "2469"]
[Result "1-0"]
[Round "10"]
[TimeControl "180+2"]
[Date "2023.04.18"]
[WhiteClock "0:00:04"]
[BlackClock "0:00:12"]

1. d4 Nf6 2. Nc3 d5 3. Bf4 a6 4. e3 e6 5. Nf3 Bd6 6. Ne5 c5 7. Be2 Nc6 8. O-O O-O 9. h4 cxd4 10. exd4 Qb6 11. Na4 Qc7 12. Bg5 Nxe5 13. Bxf6 gxf6 14. dxe5 Bxe5 15. c3 f5 16. b3 b5 17. Nb2 Qxc3 18. Rb1 Qd4 19. Qxd4 Bxd4 20. Nd3 Bf6 21. g3 e5 22. Rbc1 Be6 23. Rc7 Rfc8 24. Rfc1 Rxc7 25. Rxc7 Rc8 26. Ra7 Rc2 27. Bf1 Rxa2 28. Nc5 Ra1 29. Kg2 a5 30. Bxb5 e4 31. Ra8+ Kg7 32. Ra7 Kf8 33. Ra8+ Ke7 34. Ra7+ Kd6 35. Nb7+ Ke5 36. Nxa5 d4 37. Nc6+ Kd5 38. Rxa1 Kc5 39. Ba4 Bd5 40. Rc1+ Kd6 41. Kf1 d3 42. Ke1 Bb2 43. Rb1 Bc3+ 44. Kd1 Bf6 45. Na7 Bd4 46. Nb5+ Ke5 47. Nxd4 Kxd4 48. Kd2 h5 49. b4 Ke5 50. b5 f4 51. gxf4+ Kxf4 52. b6 Bb7 53. Bb5 Kf3 54. Ke1 e3 55. Bxd3 exf2+ 56. Kf1 Kg3 57. Ke2 Bf3+ 58. Ke3 Bb7 59. Be4 Ba6 60. b7 Bxb7 61. Bxb7 f5 62. Bd5 f4+ 63. Ke4 Kg4 64. Ke5 Kg3 65. Kf5 f3 66. Ke4 Kg2 67. Bf7 f1=Q 68. Rxf1 Kxf1 69. Kxf3 Kg1 70. Bxh5 Kh2 71. Kg4 Kg2 72. Bf7 Kf2 73. h5 Ke3 74. h6 Kd4 75. h7 Ke5 76. h8=Q+ Kd6 77. Qf6+ Kd7 78. Qe6+ Kc7 79. Be8 Kb7 80. Qc6+ Kb8 81. Qb6+ Kc8 82. Qc6+ Kd8 83. Qd7# 1-0


[Site "https://www.chess.com"]

[Event "Titled Tuesday Blitz April 18 Late 2023"]
[White "Buchenau, Frank"]
[Black "Kohler, Aran"]
[WhiteFideId "4604350"]
[BlackFideId "1002856"]
[WhiteElo "2157"]
[BlackElo "2250"]
[Result "0-1"]
[Round "10"]
[TimeControl "180+2"]
[Date "2023.04.18"]
[WhiteClock "0:00:03"]
[BlackClock "0:00:08"]

1. e4 e5 2. Bc4 Nf6 3. d3 Nc6 4. Nf3 Bc5 5. O-O d6 6. c3 Bb6 7. Nbd2 O-O 8. a4 a6 9. h3 Be6 10. Re1 h6 11. Bxe6 fxe6 12. Nc4 Qe8 13. Nxb6 cxb6 14. Be3 Nd7 15. d4 exd4 16. cxd4 Qg6 17. Rc1 d5 18. e5 Kh8 19. Nh4 Qh7 20. Qg4 Ne7 21. Qxe6 Nc5 22. dxc5 Rae8 23. cxb6 g5 24. Rc7 gxh4 25. Bc5 Rf7 26. Qd7 Rg8 27. e6 Qg6 28. g4 hxg3 29. Bd4+ Kh7 30. f4 Rfg7 31. Bxg7 Rxg7 32. Qd6 Qf5 0-1


[Site "https://www.chess.com"]

[Event "Titled Tuesday Blitz April 18 Late 2023"]
[White "Antonio, Jorge Carlos"]
[Black "Bogaudinov, Rushan"]
[WhiteFideId "113190"]
[BlackFideId "4129288"]
[WhiteElo "2247"]
[BlackElo "1967"]
[Result "1/2-1/2"]
[Round "10"]
[TimeControl "180+2"]
[Date "2023.04.18"]
[WhiteClock "0:00:03"]
[BlackClock "0:00:09"]

1. d4 h5 2. Nf3 h4 3. e4 a5 4. c4 h3 5. gxh3 d6 6. Nc3 Bxh3 7. Bxh3 Rxh3 8. Be3 Nf6 9. Qe2 e6 10. O-O-O a4 11. Ng5 Rh8 12. e5 Nh7 13. Qh5 Nxg5 14. Qxh8 a3 15. b3 Nf3 16. Qh5 Nh4 17. Bg5 Be7 18. Qh8+ Kd7 19. Qxd8+ Kxd8 20. Bxe7+ Kxe7 21. exd6+ cxd6 22. f4 g6 23. Nb5 Nc6 24. d5 exd5 25. Rxd5 Nf5 26. Rxf5 gxf5 27. h4 Nb4 28. Kb1 Nd3 29. h5 Nxf4 30. h6 Ng6 31. Rd1 f4 32. Kc2 Rh8 33. Nxd6 Kf6 34. Nxb7 Rxh6 35. c5 f3 36. Nd6 Rh2+ 37. Rd2 Rxd2+ 38. Kxd2 Ne5 39. b4 f2 40. Ne4+ Ke6 41. Nxf2 Kd5 42. Kc3 f5 43. Nd3 Nd7 44. Nf4+ Ke4 45. Ne6 Ke5 46. Ng5 Kf6 47. Nf3 Ke6 48. Kc4 f4 49. b5 Kf5 50. c6 Nb6+ 51. Kc5 Nc8 52. b6 Ke4 53. Ng5+ Kf5 54. b7 Ne7 55. Nf3 Ke4 56. Nd2+ Kd3 57. b8=Q Ng6 58. Nf3 Ke3 59. c7 Kxf3 60. c8=Q Nh4 61. Qg8 Nf5 62. Qbf8 Ne3 63. Qgf7 Ng2 64. Kb4 Kg3 65. Kb3 Kf3 66. Kxa3 Ke3 67. Q8g7 Kf3 68. Qgf6 Kg3 69. Q6g7+ Kf3 70. Qxg2+ Ke3 71. Qxf4+ Kd3 72. Qb2 1/2-1/2


[Site "https://www.chess.com"]

[Event "Titled Tuesday Blitz April 18 Late 2023"]
[White "Seder, Mohammed"]
[Black "Romero Ruscalleda, Josep"]
[WhiteFideId "11505567"]
[BlackFideId "2231859"]
[WhiteElo "1862"]
[BlackElo "2183"]
[Result "1-0"]
[Round "10"]
[TimeControl "180+2"]
[Date "2023.04.18"]
[WhiteClock "0:00:38"]
[BlackClock "0:00:10"]

1. e4 g6 2. d4 Bg7 3. Nc3 d6 4. Be3 a6 5. f4 b5 6. Nf3 Bb7 7. Bd3 Nd7 8. d5 c5 9. dxc6 Bxc6 10. Bd4 e5 11. Be3 exf4 12. Bxf4 Ne5 13. Qd2 Ne7 14. Bh6 Nxf3+ 15. gxf3 Nf5 16. Bg5 Ne7 17. h4 b4 18. Nd1 Qb6 19. Ne3 Bd4 20. Nc4 Qc5 21. c3 bxc3 22. bxc3 Bg7 23. h5 h6 24. Be3 Qxh5 25. Nxd6+ Kd7 26. Rxh5 gxh5 27. Nxf7 Rhf8 28. Bxh6 Rxf7 29. Bc4+ Ke8 30. Bxf7+ Kxf7 31. Bxg7 Kxg7 32. Kf2 Be8 33. Rg1+ Ng6 34. Qd4+ Kh7 35. Qd5 Rc8 36. Qxh5+ Kg7 37. Qe5+ Kh7 38. Rh1+ Kg8 39. Qe6+ Kg7 40. Qxc8 Bf7 41. Qxa6 Ne5 42. Rg1+ Kf8 43. Qc8+ Be8 44. Rg8+ 1-0


[Site "https://www.chess.com"]

[Event "Titled Tuesday Blitz April 18 Late 2023"]
[White "Smith, Garrett L"]
[Black "Stanisz, Patryk"]
[WhiteFideId "2024829"]
[BlackFideId "1123106"]
[WhiteElo "2288"]
[BlackElo "2069"]
[Result "1-0"]
[Round "10"]
[TimeControl "180+2"]
[Date "2023.04.18"]
[WhiteClock "0:00:44"]
[BlackClock "0:00:42"]

1. e4 c5 2. a3 e6 3. b4 cxb4 4. axb4 Bxb4 5. Bb2 Bf8 6. Nf3 Nc6 7. Na3 d5 8. exd5 exd5 9. Bd3 Nf6 10. O-O Be7 11. Rb1 O-O 12. h3 b6 13. Nb5 Be6 14. Re1 Re8 15. Nbd4 Qd7 16. Bb5 Rec8 17. Nxc6 Rxc6 18. Ne5 Qc7 19. Nxc6 Bd6 20. Bxf6 gxf6 21. Nd4 Be5 22. c3 Kh8 23. Bd3 Rg8 24. Qh5 Rg7 25. Nf3 Bf4 26. Rxe6 fxe6 27. Qe8+ Rg8 28. Qxe6 Qg7 29. g4 h5 30. Bf5 Qh6 31. Re1 hxg4 32. hxg4 Bb8 33. Kg2 1-0


[Site "https://www.chess.com"]

[Event "Titled Tuesday Blitz April 18 Late 2023"]
[White "Dubreuil, Julien"]
[Black "Sarkar, Justin"]
[WhiteFideId "621285"]
[BlackFideId "2010011"]
[WhiteElo "2186"]
[BlackElo "2189"]
[Result "1-0"]
[Round "10"]
[TimeControl "180+2"]
[Date "2023.04.18"]
[WhiteClock "0:01:39"]
[BlackClock "0:00:02"]

1. e4 e5 2. Nf3 Nc6 3. Bb5 a6 4. Ba4 Nf6 5. O-O Be7 6. Re1 b5 7. Bb3 d6 8. c3 O-O 9. h3 Nb8 10. d4 Nbd7 11. Bg5 Bb7 12. Nbd2 h6 13. Bh4 Nh5 14. Nxe5 Nxe5 15. Bxe7 Qxe7 16. Qxh5 Nd3 17. Re3 Nxb2 18. Rg3 Kh7 19. Rb1 Bxe4 20. Nxe4 Qxe4 21. Rxb2 Qe1+ 22. Kh2 Rae8 23. Bc2+ Kh8 24. Qf5 1-0


[Site "https://www.chess.com"]

[Event "Titled Tuesday Blitz April 18 Late 2023"]
[White "ritanovikova"]
[Black "Rose, Felix"]
[BlackFideId "5105722"]
[WhiteElo "2136"]
[BlackElo "2039"]
[Result "0-1"]
[Round "10"]
[TimeControl "180+2"]
[Date "2023.04.18"]
[WhiteClock "0:01:49"]
[BlackClock "0:02:30"]

1. e4 c5 2. Nc3 e6 3. d3 Nc6 4. g3 Rb8 5. Bg2 b5 6. Be3 b4 7. Nce2 g6 8. Qd2 Bg7 9. h4 Bxb2 10. Rb1 Bg7 11. h5 Qa5 12. hxg6 hxg6 13. Nf3 Rxh1+ 14. Bxh1 Qxa2 15. Rb3 Na5 0-1


[Site "https://www.chess.com"]

[Event "Titled Tuesday Blitz April 18 Late 2023"]
[White "Georg, Heinz"]
[Black "tandercat"]
[WhiteFideId "4607295"]
[WhiteElo "2258"]
[BlackElo "1984"]
[Result "1-0"]
[Round "10"]
[TimeControl "180+2"]
[Date "2023.04.18"]
[WhiteClock "0:00:33"]
[BlackClock "0:00:02"]

1. b4 a5 2. b5 d5 3. Bb2 Bf5 4. e3 e6 5. c4 c6 6. Nc3 Nf6 7. Nf3 Bd6 8. d4 Nbd7 9. Qa4 Nb6 10. Qd1 Nxc4 11. Bxc4 dxc4 12. O-O Bd3 13. Re1 cxb5 14. Nxb5 Bb4 15. Bc3 O-O 16. a3 Be7 17. Ne5 Bf5 18. a4 Rc8 19. f3 Nd5 20. e4 Nxc3 21. Nxc3 Bg6 22. Nxg6 hxg6 23. d5 Bb4 24. Rc1 exd5 25. exd5 Qd7 26. Re4 Rfd8 27. Qc2 Bxc3 28. Qxc3 Qxd5 29. Rxc4 Rxc4 30. Qxc4 Qxc4 31. Rxc4 Rd6 32. Rc5 b6 33. Rc4 Kf8 34. Kf2 Ke7 35. Ke3 Kd7 36. g4 Rd1 37. h4 Rb1 38. Rd4+ Ke7 39. Re4+ Kd7 40. Rf4 f6 41. Rd4+ Ke7 42. Re4+ Kd7 43. Rd4+ Ke6 44. Rc4 Rb3+ 45. Kf2 Kd6 46. Rc8 Rb2+ 47. Kg3 Rb4 48. Rg8 Rxa4 49. Rxg7 g5 50. h5 Rd4 51. h6 a4 52. h7 a3 53. h8=Q a2 54. Ra7 1-0


[Site "https://www.chess.com"]

[Event "Titled Tuesday Blitz April 18 Late 2023"]
[White "QuiesPrecatio"]
[Black "Marin Masis, Jose Esteban"]
[BlackFideId "6508146"]
[WhiteElo "2414"]
[BlackElo "1838"]
[Result "1/2-1/2"]
[Round "10"]
[TimeControl "180+2"]
[Date "2023.04.18"]
[WhiteClock "0:00:39"]
[BlackClock "0:00:18"]

1. e4 c5 2. Nf3 Nc6 3. d4 cxd4 4. Nxd4 Nf6 5. Nc3 e5 6. Ndb5 d6 7. Bg5 a6 8. Na3 b5 9. Nd5 Be7 10. Bxf6 Bxf6 11. c3 O-O 12. Nc2 Bg5 13. Nce3 Ne7 14. h4 Bh6 15. Nxe7+ Qxe7 16. Nd5 Qa7 17. g4 Bf4 18. f3 Bg3+ 19. Kd2 Be6 20. Kc2 Bxd5 21. Qxd5 Qf2+ 22. Kb3 Qxf3 23. Bd3 Bf4 24. Rhg1 Rfb8 25. Raf1 Qe3 26. a3 Qc5 27. Qxc5 dxc5 28. Kc2 c4 29. Be2 Rd8 30. Rd1 Kf8 31. Rxd8+ Rxd8 32. Rd1 Rxd1 33. Bxd1 Ke7 34. Be2 Kd6 35. b3 Kc5 36. a4 Bg3 37. h5 g6 38. hxg6 hxg6 39. axb5 axb5 40. bxc4 bxc4 41. Bf1 Bf2 42. Be2 Be3 43. Bf1 f6 44. Be2 Bf4 45. Bf1 Bg3 46. Be2 Be1 47. Bf1 Bf2 48. Be2 Bg3 49. Bf1 Bf4 50. Be2 Bg3 51. Bf1 Bf4 52. Be2 Bg3 1/2-1/2


[Site "https://www.chess.com"]

[Event "Titled Tuesday Blitz April 18 Late 2023"]
[White "Bueno, Alfeu Junior Varela"]
[Black "Garmash, Aliona"]
[WhiteFideId "2108879"]
[BlackFideId "34127620"]
[WhiteElo "2175"]
[BlackElo "1959"]
[Result "1-0"]
[Round "10"]
[TimeControl "180+2"]
[Date "2023.04.18"]
[WhiteClock "0:00:41"]
[BlackClock "0:00:01"]

1. e4 c5 2. Nc3 d6 3. f4 g6 4. Nf3 Bg7 5. Bb5+ Bd7 6. O-O Bxb5 7. Nxb5 a6 8. Nc3 Nc6 9. d3 e6 10. f5 Nf6 11. fxe6 fxe6 12. Qe1 O-O 13. Qh4 Nd7 14. Bg5 Qe8 15. Bh6 Bxh6 16. Qxh6 Qe7 17. Ng5 Nd4 18. Rac1 b5 19. e5 Nxe5 20. Kh1 Qg7 21. Qh4 h6 22. Nge4 Nf5 23. Qh3 Rad8 24. Ne2 Kh7 25. Ng5+ Kg8 26. Nxe6 Qe7 27. Nxd8 Qxd8 28. Nf4 Qe8 29. Nd5 Qe6 30. c4 bxc4 31. dxc4 Qd7 32. g4 Nd4 33. Nf6+ Rxf6 34. Rxf6 Nxg4 35. Rxg6+ Kh7 36. Qxg4 1-0


[Site "https://www.chess.com"]

[Event "Titled Tuesday Blitz April 18 Late 2023"]
[White "Mikheev, Stanislav"]
[Black "De Souza, Cristiano Gomes"]
[WhiteFideId "4135920"]
[BlackFideId "2151758"]
[WhiteElo "2230"]
[BlackElo "2068"]
[Result "0-1"]
[Round "10"]
[TimeControl "180+2"]
[Date "2023.04.18"]
[WhiteClock "0:00:27"]
[BlackClock "0:01:31"]

1. c4 Nf6 2. g3 g6 3. Bg2 Bg7 4. Nc3 d6 5. d4 O-O 6. Nf3 Nc6 7. O-O Bf5 8. Nh4 Bd7 9. e4 e5 10. Nf3 Bg4 11. dxe5 Nxe5 12. b3 Nfd7 13. Bb2 Nc5 14. Qe2 Ncd3 15. Nd1 Bxf3 16. Bxf3 Nxf3+ 17. Qxf3 Nxb2 18. Rb1 Nxd1 19. Rfxd1 Qd7 20. c5 Be5 21. cxd6 cxd6 22. Rd5 Rac8 23. Rbd1 Qe6 24. Qd3 Rc5 25. f4 Bg7 26. Rxd6 Qg4 27. e5 h5 28. Kg2 Rfc8 29. Rd8+ Kh7 30. h3 Qe6 31. Rd6 Qe8 32. Rd2 R5c6 33. Rd7 Rc3 34. Qe4 R8c7 35. Rd8 Qe7 36. Rb8 b6 37. g4 hxg4 38. hxg4 Qh4 39. f5 Qg3+ 40. Kf1 Rc1+ 41. Ke2 Re1# 0-1


[Site "https://www.chess.com"]

[Event "Titled Tuesday Blitz April 18 Late 2023"]
[White "Simonovic, Miroslav"]
[Black "Broca Jimenez, Fernando"]
[WhiteFideId "919152"]
[BlackFideId "5104742"]
[WhiteElo "2042"]
[BlackElo "2062"]
[Result "0-1"]
[Round "10"]
[TimeControl "180+2"]
[Date "2023.04.18"]
[WhiteClock "0:00:09"]
[BlackClock "0:00:16"]

1. d4 g6 2. h4 Bg7 3. h5 Nf6 4. h6 Bf8 5. Bg5 e6 6. e4 Be7 7. Bd3 d5 8. Bxf6 Bxf6 9. e5 Be7 10. Nd2 c5 11. c3 cxd4 12. cxd4 Bd7 13. Qb3 Nc6 14. Ngf3 Na5 15. Qd1 Rc8 16. O-O Bg5 17. Nxg5 Qxg5 18. Rc1 O-O 19. g3 Rxc1 20. Qxc1 Qxh6 21. Kg2 f6 22. f4 Nc6 23. Nf3 fxe5 24. Rh1 Qg7 25. dxe5 h6 26. Qe3 Ne7 27. g4 Bc6 28. Kg3 Rd8 29. Nd4 Bd7 30. Bb5 Bxb5 31. Nxb5 d4 32. Nxd4 Kf7 33. Qe4 Nd5 34. Rd1 h5 35. Nf3 hxg4 36. Ng5+ Ke7 37. Kxg4 Qh6 38. Qh1 Qh5+ 39. Qxh5 gxh5+ 40. Kxh5 Nxf4+ 41. Kg4 Rxd1 42. Kxf4 Rd2 43. Ne4 Rxb2 44. a4 Rb4 45. Ke3 Rxe4+ 46. Kxe4 Kd7 47. Kd4 Kc6 48. Kc4 a6 49. a5 b5+ 50. axb6 Kxb6 51. Kb4 Kc6 52. Kc4 a5 53. Kd4 a4 54. Kc4 a3 55. Kb3 Kd5 56. Kxa3 Kxe5 57. Kb3 Ke4 58. Kc3 Ke3 59. Kc2 e5 60. Kd1 Kf2 61. Kd2 e4 62. Kc2 e3 63. Kd3 e2 64. Kd2 e1=Q+ 65. Kd3 Qd1+ 66. Kc4 Ke3 67. Kc5 Qd7 68. Kc4 Qc6+ 69. Kb3 Kd3 70. Kb2 Kd2 71. Kb3 Qc5 72. Ka4 Qb6 73. Ka3 Kc3 0-1


[Site "https://www.chess.com"]

[Event "Titled Tuesday Blitz April 18 Late 2023"]
[White "Oliveira, Tiago Batista"]
[Black "Novikova, Galina"]
[WhiteFideId "2108291"]
[BlackFideId "4157095"]
[WhiteElo "1962"]
[BlackElo "1953"]
[Result "0-1"]
[Round "10"]
[TimeControl "180+2"]
[Date "2023.04.18"]
[WhiteClock "0:00:10"]
[BlackClock "0:00:10"]

1. d4 e5 2. dxe5 d6 3. exd6 Bxd6 4. Nf3 Nc6 5. g3 Bg4 6. Bg2 Qe7 7. c4 O-O-O 8. Qa4 h5 9. Nc3 Nf6 10. Be3 a6 11. a3 Ne5 12. Nd4 h4 13. Rc1 hxg3 14. hxg3 Rxh1+ 15. Bxh1 Rh8 16. Bg2 Rh2 17. Kf1 Ng6 18. Nc6 Qf8 19. Na7+ Kd8 20. Bxb7 Bd7 21. Nc6+ Ke8 22. c5 Rh1+ 23. Kg2 Rxc1 24. cxd6 Re1 25. Ne4 Qh8 26. Nxf6+ gxf6 27. Qe4+ Kf8 28. dxc7 Qh1# 0-1


[Site "https://www.chess.com"]

[Event "Titled Tuesday Blitz April 18 Late 2023"]
[White "Kujawski, Adam"]
[Black "Manfroi, Alexander Giannini"]
[WhiteFideId "1100920"]
[BlackFideId "22739335"]
[WhiteElo "2054"]
[BlackElo "1618"]
[Result "0-1"]
[Round "10"]
[TimeControl "180+2"]
[Date "2023.04.18"]
[WhiteClock "0:00:06"]
[BlackClock "0:00:07"]

1. e4 c5 2. Nf3 Nc6 3. Nc3 d6 4. d4 cxd4 5. Nxd4 e5 6. Nxc6 bxc6 7. Bc4 Be7 8. f4 Be6 9. Bxe6 fxe6 10. fxe5 dxe5 11. Qh5+ Kd7 12. Be3 Qa5 13. O-O-O+ Kc7 14. Qf7 Rf8 15. Qxe6 Rd8 16. Rxd8 Bxd8 17. Rd1 Nf6 18. Qf7+ Kb8 19. Qxg7 Rg8 20. Qf7 Qc7 21. Qxc7+ Kxc7 22. g3 a6 23. Bc5 Kb7 24. Bd6 Bc7 25. Bxc7 Kxc7 26. Rf1 Ng4 27. Rf7+ Kd6 28. Rxh7 Kc5 29. a3 Kd4 30. Kb1 Nf2 31. Rd7+ Ke3 32. Ka2 Nxe4 33. Rd3+ Kf2 34. Nxe4+ Ke2 35. h4 Rg4 36. Nf6 Rg6 37. Nd7 e4 38. Rc3 e3 39. Ne5 Rxg3 40. Nxc6 Kd2 41. Nd4 Rh3 42. b4 Kxc3 43. Ne2+ Kd2 44. Nf4 Rxh4 45. Ng2 Rh2 46. Nxe3 Kxe3 47. Kb3 Kd4 48. a4 Rh3+ 49. Kb2 Kc4 50. c3 Rh2+ 51. Ka3 Kxc3 52. b5 Rh1 53. a5 axb5 54. Ka2 b4 55. a6 Rh2+ 56. Kb1 Rh6 57. a7 Ra6 58. a8=Q Rxa8 0-1


[Site "https://www.chess.com"]

[Event "Titled Tuesday Blitz April 18 Late 2023"]
[White "Dias, Joao Batista"]
[Black "Kraus, Tomas"]
[WhiteFideId "2108240"]
[BlackFideId "331708"]
[WhiteElo "1907"]
[BlackElo "2389"]
[Result "0-1"]
[Round "10"]
[TimeControl "180+2"]
[Date "2023.04.18"]
[WhiteClock "0:01:26"]
[BlackClock "0:00:27"]

1. e4 e5 2. Nf3 Nc6 3. d4 exd4 4. Nxd4 Nf6 5. Nc3 Bb4 6. Qd3 O-O 7. Bd2 Bxc3 8. Bxc3 Nxe4 9. Be2 Nxc3 10. Qxc3 Nxd4 11. Qxd4 Re8 12. Qd2 Qe7 13. Kd1 d5 14. Re1 c6 15. a3 Bf5 16. b4 Qe5 17. Rb1 Re7 18. Kc1 Rae8 19. Kd1 Qxh2 20. Rb3 Qxg2 21. Re3 Rxe3 22. fxe3 Bg4 23. Bxg4 Qxg4+ 24. Kc1 Qe4 25. Re2 Qe5 26. Kb1 a6 27. e4 dxe4 28. Qd7 Qe7 29. Qg4 g6 30. Rh2 e3 31. Qh3 h5 32. Re2 Qe6 33. Qg3 Qe5 34. Qf3 Qe4 35. Qg3 h4 36. Qh3 Qf4 37. Qd7 Qe4 38. Qh3 Qd4 39. Qf3 Re4 40. Ka2 Rf4 41. Qg2 Rf2 42. Qg4 Qxg4 0-1


[Site "https://www.chess.com"]

[Event "Titled Tuesday Blitz April 18 Late 2023"]
[White "Manu_ChessExcelsior"]
[Black "Sariego Figueredo, Wilfredo"]
[BlackFideId "3500080"]
[WhiteElo "1981"]
[BlackElo "2309"]
[Result "1-0"]
[Round "10"]
[TimeControl "180+2"]
[Date "2023.04.18"]
[WhiteClock "0:00:12"]
[BlackClock "0:00:05"]

1. e4 c5 2. g3 e6 3. Bg2 Nc6 4. d3 Nf6 5. f4 Be7 6. Nf3 d5 7. e5 Ng4 8. O-O h5 9. h3 Nh6 10. Be3 Nf5 11. Bf2 Qb6 12. Qc1 Bd7 13. c3 Rc8 14. Nbd2 Qa6 15. Qc2 b5 16. Rfe1 d4 17. Ne4 dxc3 18. bxc3 c4 19. d4 b4 20. Nc5 Bxc5 21. dxc5 bxc3 22. Rad1 Nb4 23. Qxc3 Nd3 24. Re2 Nxf2 25. Kxf2 Rxc5 26. Red2 Rc7 27. Qb4 Qb6+ 28. Qxb6 axb6 29. Bf1 b5 30. a4 c3 31. Rxd7 Rxd7 32. Bxb5 O-O 33. Rxd7 c2 34. Rc7 Nd4 35. Nxd4 c1=Q 36. Rxc1 Rd8 37. Ke3 h4 38. g4 Kh7 39. Ra1 Kg6 40. a5 Rb8 41. a6 Ra8 42. a7 Rd8 43. a8=Q Rxa8 44. Rxa8 1-0


[Site "https://www.chess.com"]

[Event "Titled Tuesday Blitz April 18 Late 2023"]
[White "Vargas, Mauricio"]
[Black "Michalski, Olaf"]
[WhiteFideId "4404572"]
[BlackFideId "1106740"]
[WhiteElo "1998"]
[BlackElo "2173"]
[Result "1-0"]
[Round "10"]
[TimeControl "180+2"]
[Date "2023.04.18"]
[WhiteClock "0:00:51"]
[BlackClock "0:00:01"]

1. e4 c5 2. Nc3 a6 3. f4 g6 4. Nf3 Bg7 5. g3 b5 6. Bg2 Bb7 7. d3 e6 8. O-O Ne7 9. Qe1 Nbc6 10. Ne2 O-O 11. c3 f5 12. Be3 d6 13. h3 b4 14. Rc1 bxc3 15. bxc3 Qa5 16. Rc2 c4 17. dxc4 fxe4 18. Ng5 Nf5 19. Qf2 Nxe3 20. Qxe3 Ne7 21. Nxe6 Nf5 22. Qf2 e3 23. Qe1 Bxg2 24. Kxg2 Rfe8 25. Nxg7 Kxg7 26. g4 Ne7 27. Nd4 Rac8 28. Qxe3 Nf5 29. Nxf5+ gxf5 30. Qd4+ Kg8 31. Qxd6 Rcd8 32. Qh6 Qc7 33. Qg5+ Kh8 34. Qxf5 1-0


[Site "https://www.chess.com"]

[Event "Titled Tuesday Blitz April 18 Late 2023"]
[White "Chemin, Justo Reinaldo"]
[Black "Burke, Paul"]
[WhiteFideId "2101580"]
[BlackFideId "2605767"]
[WhiteElo "1940"]
[BlackElo "1911"]
[Result "1-0"]
[Round "10"]
[TimeControl "180+2"]
[Date "2023.04.18"]
[WhiteClock "0:00:32"]
[BlackClock "0:00:05"]

1. d4 a6 2. e4 d6 3. c4 Nd7 4. Nc3 g6 5. h4 h6 6. Nf3 Bg7 7. Be3 e5 8. Qd2 Ne7 9. O-O-O f5 10. dxe5 dxe5 11. Bc5 c6 12. Qd6 Bf6 13. h5 g5 14. exf5 O-O 15. Qe6+ Rf7 16. Bxe7 Qxe7 17. Ne4 Nc5 18. Nxf6+ Qxf6 19. Qxf6 Rxf6 20. Rd8+ Kf7 21. Nxe5+ Ke7 22. Rh8 Rxf5 23. Ng6+ Kf6 24. f3 b5 25. b4 Na4 26. Bd3 bxc4 27. Bxf5 Kxf5 28. Ne7+ 1-0


[Site "https://www.chess.com"]